3AAA
FLORIDA MEN @ HAMILTON COYOTES
09/15/2030
 
TOP OF THE 1ST
Florida Men batting - Pitching for Hamilton Coyotes : LHP Earl Brown
Pitching: LHP Earl Brown
Batting: RHB Israel Sanders 0-0: Ball
1-0: Called Strike
1-1: Called Strike
1-2: Ball
2-2: SINGLE (Groundball, 56D)
Batting: RHB Warner Robinson 0-0: Called Strike
0-1: Grounds into double play, 6-4-3 (Groundball, 6)
Batting: RHB Manny Maltby 0-0: Ball
1-0: Foul Ball, location: 2F
1-1: Foul Ball, location: 2F
1-2: SINGLE (Line Drive, 9S)
Batting: RHB Henry Lambright 0-0: Ball
1-0: Foul Ball, location: 2F
1-1: Ball
2-1: Foul Ball, location: 2F
2-2: Ball
3-2: Base on Balls
Manny Maltby to second
Batting: SHB Spencer Landes 0-0: Ball
1-0: Called Strike
1-1: Called Strike
1-2: Foul Ball, location: 2F
1-2: Strikes out looking
Top of the 1st over - 0 runs, 2 hits, 0 errors, 2 left on base; Florida 0 - Hamilton 0
BOTTOM OF THE 1ST
Hamilton Coyotes batting - Pitching for Florida Men : RHP Carlos González
Pitching: RHP Carlos González
Batting: LHB Ken Stroud 0-0: Called Strike
0-1: Called Strike
0-2: Ball
1-2: Ball
2-2: Fly out, F9 (Line Drive, 9S)
Batting: RHB Duane Wills 0-0: Foul Ball, location: 2F
0-1: SINGLE (Groundball, 4MD)
Batting: LHB José Gómez 0-0: Called Strike
0-1: SINGLE (Line Drive, 56)
Duane Wills to second
Batting: RHB Juanito González 0-0: Swinging Strike
0-1: Fly out, F8 (Flyball, 8LM)
Batting: SHB Martín Marrero 0-0: SINGLE (Groundball, 13S) (infield hit)
Duane Wills to third
José Gómez to second
Batting: LHB Tommy Sullivan 0-0: Ball
1-0: Ground out U3 (Groundball, 3)
Bottom of the 1st over - 0 runs, 3 hits, 0 errors, 3 left on base; Florida 0 - Hamilton 0
TOP OF THE 2ND
Florida Men batting - Pitching for Hamilton Coyotes : LHP Earl Brown
Batting: SHB Tim Fowler 0-0: SINGLE (Line Drive, 78S)
Batting: LHB Jim Halpert 0-0: Swinging Strike
0-1: Ball
1-1: Called Strike
1-2: Foul Ball, location: 2F
1-2: Foul Ball, location: 2F
1-2: Ball
2-2: Ball
3-2: Fly out, F7 (Flyball, 7)
Batting: RHB Alex Vaske 0-0: Ball
1-0: Foul Ball, location: 2F
1-1: Ball
2-1: Called Strike
2-2: Grounds into double play, 6-4-3 (Groundball, 6M)
Top of the 2nd over - 0 runs, 1 hit, 0 errors, 0 left on base; Florida 0 - Hamilton 0
BOTTOM OF THE 2ND
Hamilton Coyotes batting - Pitching for Florida Men : RHP Carlos González
Batting: RHB Jesús Soto 0-0: Ball
1-0: Ball
2-0: Foul Ball, location: 2F
2-1: Swinging Strike
2-2: TRIPLE (Line Drive, 89XD)
Batting: RHB Warren Martin 0-0: Ball
1-0: Called Strike
1-1: Ball
2-1: Ball
3-1: Foul Ball, location: 2F
3-2: Fly out, F8 (Flyball, 89M)
Batting: LHB Tony Rodríguez 0-0: TRIPLE (Line Drive, 89XD)
Jesús Soto scores
Pinch Runner at 3rd Andrés Chávez:
Batting: LHB Ken Stroud 0-0: Ball
Wild Pitch!
Andrés Chávez scores
1-0: Ball
2-0: Ball
3-0: Called Strike
3-1: Base on Balls
Batting: RHB Duane Wills 0-0: Called Strike
0-1: Called Strike
Ken Stroud steals 2nd base
0-2: Foul Ball, location: 2F
0-2: SINGLE (Groundball, 34D)
Ken Stroud to third
Runner from 3rd tries for Home, SAFE, no throw
Batting: LHB José Gómez 0-0: Called Strike
0-1: Ball
1-1: Ball
2-1: Foul Ball, location: 2F
2-2: Ball
3-2: Foul Ball, location: 2F
3-2: Base on Balls
Duane Wills to second
Batting: RHB Juanito González 0-0: Ball
1-0: Ball
2-0: Ball
3-0: Called Strike
3-1: Foul Ball, location: 2F
3-2: Foul Ball, location: 2F
3-2: Foul Ball, location: 2F
3-2: Foul Ball, location: 2F
3-2: Grounds into double play, 6-4-3 (Groundball, 6)
Bottom of the 2nd over - 3 runs, 3 hits, 0 errors, 1 left on base; Florida 0 - Hamilton 3
TOP OF THE 3RD
Florida Men batting - Pitching for Hamilton Coyotes : LHP Earl Brown
Now in LF: Andrés Chávez
Batting: LHB Iemitsu Hatsutori 0-0: Ball
1-0: Ball
2-0: Swinging Strike
2-1: Swinging Strike
2-2: Strikes out swinging, 2-3 out at first.
Batting: RHB Israel Sanders 0-0: Ball
1-0: Foul Ball, location: 2F
1-1: SINGLE (Groundball, 56D)
Batting: RHB Warner Robinson 0-0: Ball
1-0: Foul Ball, location: 2F
1-1: Ball
2-1: Foul Ball, location: 2F
2-2: Ball
3-2: Fly out, F9 (Flyball, 89D)
Batting: RHB Manny Maltby 0-0: Called Strike
0-1: SINGLE (Groundball, 56S) (infield hit)
Israel Sanders to second
Batting: RHB Henry Lambright 0-0: Called Strike
0-1: Ball
1-1: Called Strike
1-2: Strikes out swinging
Top of the 3rd over - 0 runs, 2 hits, 0 errors, 2 left on base; Florida 0 - Hamilton 3
BOTTOM OF THE 3RD
Hamilton Coyotes batting - Pitching for Florida Men : RHP Carlos González
Batting: SHB Martín Marrero 0-0: Ball
1-0: Ground out 6-3 (Groundball, 6)
Batting: LHB Tommy Sullivan 0-0: Called Strike
0-1: Ball
1-1: Ball
2-1: Foul Ball, location: 2F
2-2: Ground out 4-3 (Groundball, 4M)
Batting: RHB Jesús Soto 0-0: Foul Ball, location: 2F
0-1: Ball
1-1: Called Strike
1-2: Fly out, F7 (Flyball, 78S)
Bottom of the 3rd over - 0 runs, 0 hits, 0 errors, 0 left on base; Florida 0 - Hamilton 3
TOP OF THE 4TH
Florida Men batting - Pitching for Hamilton Coyotes : LHP Earl Brown
Batting: SHB Spencer Landes 0-0: Ball
1-0: SINGLE (Groundball, 6D)
Batting: SHB Tim Fowler 0-0: Called Strike
0-1: Ball
1-1: Ball
2-1: Ball
3-1: Foul Ball, location: 2F
3-2: Base on Balls
Spencer Landes to second
Batting: LHB Jim Halpert 0-0: Ball
1-0: Foul Ball, location: 2F
1-1: DOUBLE (Line Drive, 89D)
Spencer Landes scores
Tim Fowler to third
Runner from 3rd tries for Home, SAFE, no throw
Batting: RHB Alex Vaske 0-0: Ground out 6-3 (Groundball, 6)
Batting: LHB Iemitsu Hatsutori 0-0: Ball
1-0: Called Strike
1-1: Ball
2-1: Swinging Strike
2-2: Strikes out swinging
Batting: RHB Israel Sanders 0-0: Ground out 5-3 (Groundball, 56)
Top of the 4th over - 2 runs, 2 hits, 0 errors, 1 left on base; Florida 2 - Hamilton 3
BOTTOM OF THE 4TH
Hamilton Coyotes batting - Pitching for Florida Men : RHP Carlos González
Batting: RHB Warren Martin 0-0: Fly out, F7 (Flyball, 7D)
Batting: LHB Andrés Chávez 0-0: Ball
1-0: SINGLE (Flyball, 8RS)
Batting: LHB Ken Stroud 0-0: Called Strike
0-1: Reached on error, E6 (Groundball, 56)
Andrés Chávez to second
Batting: RHB Duane Wills 0-0: Reached on error, E4 (Groundball, 4)
Andrés Chávez to third
Ken Stroud to second
Batting: LHB José Gómez 0-0: Ball
1-0: Fly out, F8 (Flyball, 8LM)
Runner from 3rd tags up, SCORES, throw made
Batting: RHB Juanito González 0-0: Foul Ball, location: 2F
0-1: Swinging Strike
0-2: Strikes out swinging
Bottom of the 4th over - 1 run, 1 hit, 2 errors, 2 left on base; Florida 2 - Hamilton 4
TOP OF THE 5TH
Florida Men batting - Pitching for Hamilton Coyotes : LHP Earl Brown
Batting: RHB Warner Robinson 0-0: Called Strike
0-1: Swinging Strike
0-2: Ball
1-2: Strikes out looking
Batting: RHB Manny Maltby 0-0: Ball
1-0: Ball
2-0: Ground out 4-3 (Groundball, 4D)
Batting: RHB Henry Lambright 0-0: Foul Ball, location: 2F
0-1: Called Strike
0-2: Ball
1-2: SINGLE (Groundball, 4MD)
Batting: SHB Spencer Landes 0-0: Ball
1-0: Ball
2-0: Called Strike
2-1: Ball
3-1: Swinging Strike
3-2: Fly out, F8 (Flyball, 78D)
Top of the 5th over - 0 runs, 1 hit, 0 errors, 1 left on base; Florida 2 - Hamilton 4
BOTTOM OF THE 5TH
Hamilton Coyotes batting - Pitching for Florida Men : RHP Carlos González
Batting: SHB Martín Marrero 0-0: Foul Ball, location: 2F
0-1: Foul Ball, location: 2F
0-2: SINGLE (Flyball, 8LS)
Batting: LHB Tommy Sullivan 0-0: Bunt missed!
0-1: Ball
1-1: Bunted foul
1-2: TRIPLE (Line Drive, 89XD)
Martín Marrero scores
Batting: RHB Jesús Soto 0-0: Ball
1-0: SINGLE (Line Drive, 89S)
Tommy Sullivan scores
Pitching: RHP Arturo Guerrero
Batting: RHB Warren Martin 0-0: Ball
1-0: Sac Bunt - play at first, batter OUT! 1-4
Jesús Soto to second
Batting: LHB Andrés Chávez 0-0: Ball
1-0: Swinging Strike
1-1: Ball
2-1: Ball
3-1: Base on Balls
Batting: LHB Ken Stroud 0-0: SINGLE (Groundball, 5D)
Jesús Soto to third
Andrés Chávez to second
Batting: RHB Duane Wills 0-0: Ball
1-0: Swinging Strike
1-1: Grounds into double play, 4-6-3 (Groundball, 4)
Bottom of the 5th over - 2 runs, 4 hits, 0 errors, 2 left on base; Florida 2 - Hamilton 6
TOP OF THE 6TH
Florida Men batting - Pitching for Hamilton Coyotes : LHP Earl Brown
Batting: SHB Tim Fowler 0-0: Ball
1-0: Ball
2-0: Ball
3-0: Foul Ball, location: 2F
3-1: Swinging Strike
3-2: Base on Balls
Batting: LHB Jim Halpert 0-0: Ball
Tim Fowler steals 2nd base
1-0: Called Strike
1-1: SINGLE (Flyball, 89S)
Tim Fowler to third
Batting: RHB Alex Vaske 0-0: Grounds into double play, 6-4-3 (Groundball, 6)
Tim Fowler scores
Batting: LHB Iemitsu Hatsutori 0-0: Foul Ball, location: 2F
0-1: Called Strike
0-2: Foul Ball, location: 2F
0-2: Ball
1-2: Ground out U3 (Groundball, 3)
Top of the 6th over - 1 run, 1 hit, 0 errors, 0 left on base; Florida 3 - Hamilton 6
BOTTOM OF THE 6TH
Hamilton Coyotes batting - Pitching for Florida Men : RHP Arturo Guerrero
Batting: LHB José Gómez 0-0: Ball
1-0: Ball
2-0: Ball
3-0: Called Strike
3-1: Called Strike
3-2: Base on Balls
Batting: RHB Juanito González 0-0: Foul Ball, location: 2F
0-1: Ball
1-1: Called Strike
1-2: Strikes out looking
Batting: SHB Martín Marrero 0-0: Called Strike
0-1: Fly out, F6 (Line Drive, 6M)
Batting: LHB Tommy Sullivan 0-0: Ball
1-0: Ball
2-0: Called Strike
2-1: Ball
3-1: Swinging Strike
3-2: Base on Balls
José Gómez to second
Batting: RHB Jesús Soto 0-0: Called Strike
0-1: Ball
1-1: Ball
2-1: Ball
3-1: Base on Balls
José Gómez to third
Tommy Sullivan to second
Batting: RHB Warren Martin 0-0: Ball
1-0: Fly out, F4 (Line Drive, 4)
Bottom of the 6th over - 0 runs, 0 hits, 0 errors, 3 left on base; Florida 3 - Hamilton 6
TOP OF THE 7TH
Florida Men batting - Pitching for Hamilton Coyotes : LHP Earl Brown
Batting: RHB Israel Sanders 0-0: Ball
1-0: Ground out 6-3 (Groundball, 6S)
Batting: RHB Warner Robinson 0-0: Ball
1-0: Ball
2-0: Ball
3-0: Called Strike
3-1: SINGLE (Groundball, 34D)
Pitching: RHP Matt Harris
Batting: RHB Manny Maltby 0-0: DOUBLE (Groundball, 5L)
Warner Robinson to third
Batting: RHB Henry Lambright 0-0: Called Strike
0-1: Foul Ball, location: 2F
0-2: Ball
1-2: Foul Ball, location: 2F
1-2: Foul Ball, location: 2F
1-2: Strikes out swinging
Batting: SHB Spencer Landes 0-0: Ball
1-0: Called Strike
1-1: Called Strike
1-2: Foul Ball, location: 2F
1-2: Ball
2-2: Strikes out swinging
Top of the 7th over - 0 runs, 2 hits, 0 errors, 2 left on base; Florida 3 - Hamilton 6
BOTTOM OF THE 7TH
Hamilton Coyotes batting - Pitching for Florida Men : RHP Arturo Guerrero
Batting: LHB Andrés Chávez 0-0: Fly out, F8 (Flyball, 8RM)
Batting: LHB Ken Stroud 0-0: Ball
1-0: Called Strike
1-1: Ball
2-1: Ball
3-1: Base on Balls
Batting: RHB Duane Wills 0-0: Ball
1-0: Ball
2-0: Ball
3-0: Called Strike
3-1: Called Strike
3-2: Strikes out swinging
Batting: LHB José Gómez 0-0: Ball
Ken Stroud steals 2nd base
1-0: Ball
2-0: Ball
3-0: Called Strike
3-1: SINGLE (Flyball, 78M)
Ken Stroud to third
Runner from 3rd tries for Home, SAFE, no throw
Batting: RHB Juanito González 0-0: Ball
1-0: Ball
2-0: Ball
3-0: Base on Balls
José Gómez to second
Batting: SHB Martín Marrero 0-0: Ball
1-0: Ball
2-0: Ground out 5-3 (Groundball, 56S)
Bottom of the 7th over - 1 run, 1 hit, 0 errors, 2 left on base; Florida 3 - Hamilton 7
TOP OF THE 8TH
Florida Men batting - Pitching for Hamilton Coyotes : RHP Matt Harris
Batting: SHB Tim Fowler 0-0: Ball
1-0: Foul Ball, location: 2F
1-1: Called Strike
1-2: Fly out, F7 (Flyball, 78M)
Batting: LHB Jim Halpert 0-0: Called Strike
0-1: Fly out, F7 (Flyball, 7)
Batting: RHB Alex Vaske 0-0: Ball
1-0: Called Strike
1-1: Ball
2-1: Foul Ball, location: 2F
2-2: Ball
3-2: Fly out, F9 (Flyball, 9)
Top of the 8th over - 0 runs, 0 hits, 0 errors, 0 left on base; Florida 3 - Hamilton 7
BOTTOM OF THE 8TH
Hamilton Coyotes batting - Pitching for Florida Men : RHP Arturo Guerrero
Batting: LHB Tommy Sullivan 0-0: Ball
1-0: Called Strike
1-1: Ball
2-1: Foul Ball, location: 2F
2-2: Ball
3-2: Foul Ball, location: 2F
3-2: Foul Ball, location: 2F
3-2: Base on Balls
Batting: RHB Jesús Soto 0-0: Called Strike
0-1: Ground out 5-3 (Groundball, 56S)
Tommy Sullivan to second
Batting: RHB Warren Martin 0-0: Fly out, F3 (Popup, 3SF)
Batting: LHB Andrés Chávez 0-0: Ball
1-0: Ball
2-0: DOUBLE (Flyball, 89D)
Tommy Sullivan scores
Batting: LHB Ken Stroud 0-0: Intentional Walk
Batting: RHB Duane Wills 0-0: Foul Ball, location: 2F
0-1: Ball
1-1: Ball
2-1: Swinging Strike
2-2: Ball
3-2: Ground out 6-3 (Groundball, 6)
Bottom of the 8th over - 1 run, 1 hit, 0 errors, 2 left on base; Florida 3 - Hamilton 8
TOP OF THE 9TH
Florida Men batting - Pitching for Hamilton Coyotes : RHP Matt Harris
Now in CF: Robert Hill
Batting: LHB Iemitsu Hatsutori 0-0: Foul Ball, location: 2F
0-1: Swinging Strike
0-2: Ball
1-2: Ground out 4-3 (Groundball, 4)
Batting: RHB Israel Sanders 0-0: Ball
1-0: Ball
2-0: Ball
3-0: Base on Balls
Batting: RHB Warner Robinson 0-0: SINGLE (Line Drive, 7LS)
Israel Sanders to second
Batting: RHB Manny Maltby 0-0: Ball
1-0: Reached on error, E4 (Groundball, 4)
Israel Sanders to third
Warner Robinson to second
Batting: RHB Henry Lambright 0-0: Foul Ball, location: 2F
0-1: Foul Ball, location: 2F
0-2: Grounds into double play, 4-6-3 (Groundball, 4M)
Top of the 9th over - 0 runs, 1 hit, 1 error, 2 left on base; Florida 3 - Hamilton 8
Sunday, March 18th, 2018 - OOTP Baseball 18.8 Build 76